 Dungeon Crawl Stone Soup version 0.30.1-11-g7821555f0a (webtiles) character file.

Game seed: 5073567916869593418

42751 Cheops the Earth Mage (level 14, -13/76 HPs)
             Began as a Gargoyle Earth Elementalist on Dec 31, 2023.
             Was an Elder of Vehumet.
             Shot with an arrow by a centaur warrior (22 damage)
             ... on level 13 of the Dungeon.
             The game lasted 01:33:38 (29243 turns).

Cheops the Earth Mage (GrEE)                       Turns: 29243, Time: 01:33:38

Health: -13/76     AC: 19    Str: 11    XL:     14   Next: 21%
Magic:  5/30       EV: 17    Int: 27    God:    Vehumet [****..]
Gold:   458        SH:  5    Dex: 10    Spells: 4/37 levels left

rFire   + . .        c - staff of death {!a}
rCold   . . .        e - orb {*channel}
rNeg    + + .        x - +5 leather armour of the Gate {Will+ rCorr}
rPois   ∞            q - +0 hat {Will+}
rElec   +            s - +1 cloak
rCorr   +            y - +0 pair of gloves
SInv    .            h - +0 pair of boots
Will    ++++.        l - amulet of reflection
Stlth   ++           i - +5 ring of evasion
HPRegen 0.32/turn    k - ring "Ure Wyuv" {rF+ Will+ Int+5}
MPRegen 0.22/turn

%: reflection, channel magic (20%)
@: corroded, flying
A: sickness immunity, AC +10, big wings, negative energy resistance 1,
electricity resistance, torment resistance 1, petrification resistance
a: Renounce Religion


You were on level 13 of the Dungeon.
You worshipped Vehumet.
Vehumet was greatly pleased with you.
You visited 2 branches of the dungeon, and saw 14 of its levels.

You collected 823 gold pieces.
You spent 365 gold pieces at shops.

Inventory:

Hand Weapons
 a - a +0 dagger
Armour
 e - an orb of energy (worn)
 g - a +1 buckler of poison resistance
 h - a +0 pair of boots (worn)
 o - a +4 ring mail of cold resistance
 q - a +0 hat of willpower (worn)
 s - a +1 cloak (worn)
 x - the +5 leather armour of the Gate (worn) {Will+ rCorr}
   (You found it on level 7 of the Dungeon)

   rCorr:     It protects you from acid and corrosion.
   Will:      It increases your willpower.
 y - a +0 pair of gloves (worn)
Magical Staves
 b - a staff of fire {!a}
 c - a staff of death (weapon) {!a}
Jewellery
 f - an amulet of regeneration
 i - a +5 ring of evasion (left hand)
 j - a ring of protection from fire
 k - the ring "Ure Wyuv" (right hand) {rF+ Will+ Int+5}
   (You found it on level 10 of the Dungeon)

   [ring of willpower]

   Int:       It affects your intelligence (+5).
   rF:        It protects you from fire.
   Will:      It increases your willpower.
 l - an amulet of reflection (around neck)
 m - a +5 ring of evasion
 w - a ring of positive energy
 z - a ring of magical power
Wands
 n - a wand of paralysis (26)
 r - a wand of flame (21)
 t - a wand of roots (3)
 v - a wand of light (12)
Scrolls
 d - a scroll of amnesia
 P - 12 scrolls of teleportation
 Q - 2 scrolls of fog
 R - 5 scrolls of fear
 S - 3 scrolls of blinking
 T - a scroll of silence
 U - a scroll of poison
 V - 3 scrolls of magic mapping
 W - a scroll of vulnerability
 X - a scroll of enchant weapon
 Y - 2 scrolls of enchant armour
Potions
 A - 9 potions of curing
 B - a potion of heal wounds
 C - 2 potions of magic
 D - 3 potions of haste
 E - a potion of lignification
 F - a potion of berserk rage
 G - 4 potions of brilliance
 H - 2 potions of mutation
 I - 2 potions of might
 J - a potion of invisibility {unknown}
 K - 3 potions of flight {unknown}
 L - 3 potions of degeneration {unknown}
 M - 5 potions of cancellation {unknown}
 N - 2 potions of attraction {unknown}
 O - 4 potions of resistance {unknown}
 Z - a potion of experience {unknown}
Miscellaneous
 u - a tin of tremorstones (2/2)


   Skills:
 + Level 4.4 Fighting
 - Level 5.0 Armour
 - Level 5.0 Dodging
 - Level 2.1 Stealth
 - Level 12.0 Spellcasting
 - Level 13.0 Conjurations
 - Level 6.0 Summonings
 - Level 0.7 Transmutations
 - Level 15.0 Earth Magic
 - Level 5.0 Evocations


You had 4 spell levels left.
You knew the following spells:

 Your Spells              Type           Power      Damage    Failure   Level
a - Sandblast             Erth           100%       2d20      1%          1
b - Stone Arrow           Conj/Erth      100%       3d13      1%          3
d - Lee's Rapid Deconstr  Erth           38%        3d19*     1%          5
r - Searing Ray           Conj           100%       2d8       1%          2
A - Animate Armour        Summ/Erth      100%       N/A       3%          4
B - Iskenderun's Battles  Conj           72%        2d12      1%          5
C - Call Canine Familiar  Summ           48%        N/A       5%          3
L - Leda's Liquefaction   Hex/Erth       27%        N/A       8%          4
P - Petrify               Tmut/Erth      55%        N/A       8%          4
W - Passwall              Tmut/Erth      45%        N/A       2%          2

Your spell library contained the following spells:

 Spells                   Type           Power      Damage    Failure   Level
 Magic Dart               Conj           100%       1d8       1%          1
 Momentum Strike          Conj/Tloc      100%       3d10      1%          2
 Summon Small Mammal      Summ           100%       N/A       3%          1
 Fulminant Prism          Conj/Hex       25%        3d13      3%          4
 Inner Flame              Hex/Fire       16%        N/A       9%          3
 Summon Guardian Golem    Hex/Summ       32%        N/A       12%         3
 Blink                    Tloc           32%        N/A       19%         2
 Ensorcelled Hibernation  Hex/Ice        32%        N/A       19%         2
 Lesser Beckoning         Tloc           32%        N/A       19%         2
 Spider Form              Tmut/Pois      18%        N/A       28%         3
 Gell's Gravitas          Tloc           16%        N/A       30%         3
 Swiftness                Air            16%        N/A       30%         3
 Teleport Other           Tloc           16%        N/A       30%         3
 Vhi's Electric Charge    Tloc/Air       32%        N/A       30%         3
 Anguish                  Hex/Necr       12%        N/A       63%         4
 Manifold Assault         Tloc           16%        N/A       63%         4
 Arcjolt                  Conj/Air       25%        1d35      6%          5
 Lehudib's Crystal Spear  Conj/Erth      37%        10d9      36%         8
 Yara's Violent Unravell  Hex/Tmut       9%         3d6       41%         5
 Plasma Beam              Fire/Air       8%         2x1d20    90%         6
 Dispersal                Tloc           8%         N/A       100%        6
 Enfeeble                 Hex            8%         N/A       100%        7
 Storm Form               Tmut/Air       9%         N/A       100%        7
 Statue Form              Tmut/Erth      Unusable   N/A       N/A         6

Dungeon Overview and Level Annotations

Branches:
Dungeon (13/15)            Temple (1/1) D:7            Lair (0/5) D:9
    Orc (0/2) D:11
 Vaults: D:13-14

Altars:
Ashenzari
Cheibriados
Dithmenos
Elyvilon
Fedhas
Gozag
Hepliaklqana
Kikubaaqudgha
Makhleb
Nemelex Xobeh
Okawaru
Qazlal
Ru
Sif Muna
Trog
Uskayaw
Vehumet
Wu Jian
Xom
Yredelemnul
Zin
The Shining One

Shops:
D:1 ==*!   D:6 *   D:10 *:   D:13 [

Annotations:
D:13 ritesign's ghost, journeyman DECj


Innate Abilities, Weirdness & Mutations

You are immune to sickness and miasma.
Your stone body is resilient. (AC +10)
You are immune to poison.
Your large and strong wings let you fly.
You resist negative energy. (rN+)
You are resistant to electric shocks. (rElec)
You are resistant to unholy torment.
You are immune to petrification.


Message History

Aim: a tengu reaver, wielding a +2 great sword of freezing and wearing a +0 ring mail (severely wounded, 61% to hit)
The stone arrow misses the tengu reaver.
The tengu reaver gestures at you while chanting.
The bolt of cold hits you!!
* * * LOW HITPOINT WARNING * * *
The centaur warrior shouts!
Casting: Stone Arrow (safe; 1% risk of failure)
Confirm with . or Enter, or press ? or * to list all spells.
Aiming: Stone Arrow (safe; 1% risk of failure)
Press: ? - help, Shift-Dir - straight line, f/p - tengu reaver
Aim: a tengu reaver, wielding a +2 great sword of freezing and wearing a +0 ring mail (severely wounded, 61% to hit)
The stone arrow hits the tengu reaver!
The tengu reaver is almost dead.
The tengu reaver casts a spell at you. The bolt of negative energy hits you!
You partially resist.
You feel drained.
* * * LOW HITPOINT WARNING * * *
The centaur warrior wields a +0 shortbow.
The centaur warrior shoots an arrow.
The arrow hits you.
* * * LOW HITPOINT WARNING * * *
Casting: Stone Arrow (safe; 1% risk of failure)
Confirm with . or Enter, or press ? or * to list all spells.
Aiming: Stone Arrow (safe; 1% risk of failure)
Press: ? - help, Shift-Dir - straight line, f/p - tengu reaver
Aim: a tengu reaver, wielding a +2 great sword of freezing and wearing a +0 ring mail (almost dead, 61% to hit)
The stone arrow hits the tengu reaver!
You kill the tengu reaver!
Vehumet accepts your kill.
You feel your power returning.
The centaur warrior shoots an arrow.
The arrow hits you.
* * * LOW HITPOINT WARNING * * *
Your life force feels restored.
Training target 13.0 for Conjurations reached!
Your Conjurations skill increases to level 13!
You need to enable at least one skill for training.
You feel much better.
The centaur warrior shoots an arrow.
The arrow hits you!
* * * LOW HITPOINT WARNING * * *
As you read the scroll of fog, it crumbles to dust.
The scroll dissolves into smoke.
The centaur warrior shoots an arrow.
The arrow hits you!!
You die...

#..######..#######
#..# #.## # #..#
#. # #..# #.# #
#|.# .###
##..######....
#§§§........# ..
#§§§####.###.# .#
#§@§###.##
#§§§)...#
#..####.## #..#
##.###.# #..#
#.....# ##.c#
#.##.## #.[.# #.#
... #.>## #.# ###
#..# #.#


You could see a centaur warrior.

Vanquished Creatures
  Gastronok (D:9)
  A storm dragon (D:13)
  A tengu reaver (D:13)
  A fire giant (D:13)
  An ettin (D:13)
  A hydra (D:13)
  A catoblepas (D:13)
  6 centaur warriors
  3 two-headed ogres
  A boulder beetle (D:13)
  Nergalle (D:10)
  6 skeletal warriors
  A flayed ghost (D:13)
  Pikel (D:7)
  A wizard (D:13)
  4 ugly things
  3 deep elf pyromancers
  5 manticores
  An oklob plant (D:6)
  5 cyclopes
  Maurice (D:9)
  5 gargoyles
  Maggie (D:9)
  A freezing wraith (D:13)
  2 komodo dragons
  2 kobold demonologists (D:11)
  A yaktaur (D:11)
  4 trolls
  3 hornets
  Sigmund (D:7)
  A jumping spider (shapeshifter) (D:11)
  22 yaks
  2 slime creatures
  A shadow (D:12)
  3 wyverns
  A wraith (D:7)
  A water elemental (D:11)
  A steam dragon (D:6)
  2 basilisks
  A vampire mosquito (D:13)
  Menkaure (D:7)
  Edmund (D:7)
  3 acid dragons
  A water moccasin (D:7)
  A sky beast (D:6)
  7 orc warriors
  4 black bears
  3 ogres
  2 ice beasts
  9 centaurs
  A phantom (D:7)
  4 lemures (D:7)
  Blork the orc (D:5)
  3 kobold brigands
  4 bullfrogs
  3 gnoll sergeants
  7 scorpions
  17 wights
  21 killer bees
  5 howler monkeys
  6 electric eels
  A gnoll bouda (D:7)
  7 orc priests
  6 hounds
  8 jellies
  5 iguanas
  16 orc wizards
  A nameless horror (D:7)
  9 adders
  13 gnolls
  A shadow imp (D:8)
  2 white imps
  An ufetubus (D:7)
  2 dart slugs
  28 orcs
  8 ball pythons
  3 bats
  23 endoplasms
  2 giant cockroaches
  8 goblins
  4 hobgoblins
  3 jackals (D:3)
  19 kobolds
  5 quokkas
  3 frilled lizards
  7 rats
390 creatures vanquished.

Vanquished Creatures (collateral kills)
  Harold (D:10)
  An unseen horror (D:12)
2 creatures vanquished.

Vanquished Creatures (others)
  A kobold brigand (D:7)
  An endoplasm (D:6)
2 creatures vanquished.

Grand Total: 394 creatures vanquished

Notes
Turn   | Place    | Note
-------+----------+-------------------------------------------
     0 | D:1      | Cheops the Gargoyle Earth Elementalist began the quest for
                  | the Orb.
     0 | D:1      | Reached XP level 1. HP: 10/10 MP: 3/3
    49 | D:1      | Found Kaecyck's Jewellery Boutique.
    66 | D:1      | Found Aqiw's Jewellery Emporium.
   263 | D:1      | You fall into a shaft and drop 1 floor!
   346 | D:2      | Reached XP level 2. HP: 15/15 MP: 0/5
   349 | D:2      | Learned a level 2 spell: Passwall
   503 | D:2      | Found a sparkling altar of Nemelex Xobeh.
   734 | D:1      | Reached skill level 4 in Earth Magic
   734 | D:1      | Reached XP level 3. HP: 19/19 MP: 3/7
  1072 | D:1      | Found Kuirph's Distillery.
  1356 | D:1      | Found Miumivuo's General Store.
  1374 | D:1      | Bought a scroll of identify for 22 gold pieces
  2051 | D:2      | Reached XP level 4. HP: 24/24 MP: 5/8
  2339 | D:2      | Learned a level 3 spell: Stone Arrow
  2388 | D:3      | Reached skill level 5 in Earth Magic
  2392 | D:3      | Reached skill level 1 in Conjurations
  2975 | D:3      | Reached XP level 5. HP: 28/28 MP: 7/9
  3902 | D:4      | Reached XP level 6. HP: 27/32 MP: 10/10
  4645 | D:5      | Entered Level 5 of the Dungeon
  4687 | D:5      | Reached skill level 5 in Conjurations
  5204 | D:5      | Noticed Blork the orc
  5209 | D:5      | Killed Blork the orc
  5210 | D:5      | Reached skill level 6 in Earth Magic
  5210 | D:5      | Reached XP level 7. HP: 36/36 MP: 10/12
  5413 | D:5      | Learned a level 3 spell: Call Canine Familiar
  5418 | D:5      | Learned a level 4 spell: Animate Armour
  5441 | D:5      | Found a burning altar of Makhleb.
  5619 | D:5      | Found a hazy altar of Hepliaklqana.
  5709 | D:5      | Reached skill level 1 in Summonings
  6284 | D:1      | Found Miumivuo's General Store.
  6459 | D:1      | Found Kaecyck's Jewellery Boutique.
  6496 | D:1      | Found Aqiw's Jewellery Emporium.
  6617 | D:1      | Found Kuirph's Distillery.
  7476 | D:2      | Found a sparkling altar of Nemelex Xobeh.
  9686 | D:5      | Found a hazy altar of Hepliaklqana.
  9693 | D:5      | Found a burning altar of Makhleb.
 10170 | D:6      | Noticed an oklob plant
 10183 | D:6      | Reached XP level 8. HP: 41/41 MP: 12/14
 10931 | D:6      | Found Zin's Purification Station.
 10933 | D:6      | Reached skill level 5 in Dodging
 10948 | D:6      | Found a glowing silver altar of Zin.
 10996 | D:6      | Reached skill level 5 in Summonings
 11252 | D:5      | Reached XP level 9. HP: 44/45 MP: 8/15
 11255 | D:5      | Learned a level 2 spell: Searing Ray
 12017 | D:6      | Found Zin's Purification Station.
 12018 | D:6      | Found a glowing silver altar of Zin.
 12596 | D:1      | Bought a +3 ring mail for 231 gold pieces
 12808 | D:7      | Found a staircase to the Ecumenical Temple.
 12817 | Temple   | Entered the Ecumenical Temple
 13063 | D:7      | Found a radiant altar of Vehumet.
 13070 | D:7      | Reached skill level 7 in Earth Magic
 13138 | D:7      | Noticed Pikel
 13154 | D:7      | Became a worshipper of Vehumet
 13324 | D:7      | Killed Pikel
 13447 | D:7      | Reached skill level 5 in Armour
 13651 | D:7      | Reached skill level 5 in Spellcasting
 13760 | D:7      | Found a runed translucent door.
 13782 | D:7      | Noticed a centaur warrior
 13782 | D:7      | Noticed a gargoyle
 13784 | D:7      | Found a runed translucent door.
 13784 | D:7      | Found a runed translucent door.
 13816 | D:7      | Noticed a hornet
 13827 | D:7      | Killed a hornet
 14065 | D:7      | Noticed a hornet
 14073 | D:7      | Killed a hornet
 14074 | D:7      | Reached skill level 8 in Earth Magic
 14074 | D:7      | Reached XP level 10. HP: 40/50 MP: 5/17
 14221 | D:7      | Reached skill level 9 in Earth Magic
 14374 | D:7      | Noticed Menkaure
 14378 | D:7      | Killed Menkaure
 14530 | D:7      | Reached * piety under Vehumet
 14530 | D:7      | Offered knowledge of Foxfire by Vehumet.
 14661 | D:7      | Noticed a deep elf pyromancer
 14952 | D:7      | Found a hide-covered altar of Uskayaw.
 15037 | D:7      | Noticed Edmund
 15044 | D:7      | Killed Edmund
 15103 | D:7      | Noticed Sigmund
 15110 | D:7      | Killed Sigmund
 15193 | D:7      | Killed a deep elf pyromancer
 15679 | D:1      | Bought a potion of heal wounds for 70 gold pieces
 15679 | D:1      | Bought a potion of curing for 42 gold pieces
 15877 | D:8      | Reached skill level 10 in Earth Magic
 16093 | D:8      | Reached XP level 11. HP: 54/54 MP: 15/20
 16436 | D:8      | Offered knowledge of Freeze by Vehumet.
 16450 | D:8      | Learned a level 5 spell: Lee's Rapid Deconstruction
 16682 | D:8      | Reached ** piety under Vehumet
 17125 | D:9      | Noticed Gastronok
 17173 | D:9      | Killed Gastronok
 17174 | D:9      | Reached skill level 11 in Earth Magic
 17238 | D:9      | Noticed Maggie
 17244 | D:9      | Killed Maggie
 17547 | D:9      | Reached skill level 12 in Earth Magic
 17609 | D:9      | Offered knowledge of Static Discharge by Vehumet.
 18062 | D:9      | Found a staircase to the Lair.
 18140 | D:10     | Entered Level 10 of the Dungeon
 18160 | D:10     | Noticed Harold
 18160 | D:10     | Found Nothiom's Lightly-Used Armoury.
 18179 | D:10     | Killed Harold
 18180 | D:10     | Reached skill level 1 in Evocations
 18266 | D:10     | Identified the ring "Ure Wyuv" {rF+ Will+ Int+5}
 18365 | D:10     | Found Ogawo's Book Emporium.
 18375 | D:10     | Learned a level 4 spell: Leda's Liquefaction
 18398 | D:10     | Noticed a deep elf pyromancer
 18407 | D:10     | Killed a deep elf pyromancer
 18802 | D:10     | Noticed Nergalle
 18810 | D:10     | Killed Nergalle
 19116 | D:10     | Reached *** piety under Vehumet
 19120 | D:10     | Reached skill level 13 in Earth Magic
 19137 | D:10     | Reached XP level 12. HP: 52/59 MP: 1/22
 19448 | D:10     | Found Ogawo's Book Emporium.
 19792 | D:10     | Found Nothiom's Lightly-Used Armoury.
 20181 | D:9      | Noticed Maurice
 20184 | D:9      | Killed Maurice
 20452 | D:9      | Found a staircase to the Lair.
 21104 | D:6      | Reached skill level 5 in Evocations
 21246 | D:7      | Identified the +5 leather armour of the Gate {Will+ rCorr}
 21339 | D:7      | Killed a centaur warrior
 21348 | D:7      | Reached skill level 14 in Earth Magic
 21904 | D:11     | Offered knowledge of Ignite Poison by Vehumet.
 22203 | D:11     | Reached skill level 15 in Earth Magic
 22207 | D:11     | Noticed a centaur warrior
 22217 | D:11     | Killed a centaur warrior
 22631 | D:11     | Reached **** piety under Vehumet
 22668 | D:11     | Learned a level 4 spell: Petrify
 22773 | D:11     | Identified the +4 short sword of Due Proportion {heavy,
                  | Str+6 Dex+3}
 22783 | D:11     | Offered knowledge of Iskenderun's Battlesphere by Vehumet.
 23253 | D:11     | Found a staircase to the Orcish Mines.
 23562 | D:11     | Learned a level 5 spell: Iskenderun's Battlesphere
 23840 | D:12     | Reached skill level 10 in Spellcasting
 23840 | D:12     | Reached XP level 13. HP: 63/63 MP: 8/27
 24520 | D:12     | Learned a level 4 spell: Petrify
 26394 | D:11     | Found a staircase to the Orcish Mines.
 26516 | D:10     | Found Ogawo's Book Emporium.
 26569 | D:10     | Found Nothiom's Lightly-Used Armoury.
 27308 | D:13     | Reached skill level 1 in Fighting
 27520 | D:13     | Found Utynum's Antique Armour Shop.
 27877 | D:13     | Reached skill level 10 in Conjurations
 28087 | D:13     | Noticed an ettin
 28121 | D:13     | Killed an ettin
 28129 | D:13     | Noticed a tengu reaver
 28377 | D:13     | Noticed a yaktaur captain
 28378 | D:13     | Noticed a lich
 28378 | D:13     | Identified the amulet "Riumoceo" {Acrobat Harm Rampage
                  | *Slow Dex+5}
 28378 | D:13     | Noticed ritesign's ghost (journeyman DECj)
 28383 | D:13     | Noticed an ice dragon
 28638 | D:13     | Noticed a storm dragon
 28664 | D:13     | Noticed a fire giant
 28669 | D:13     | Killed a storm dragon
 28670 | D:13     | Gained mutation: Your large and strong wings let you fly.
                  | [Gargoyle growth]
 28670 | D:13     | Reached XP level 14. HP: 30/76 MP: 22/30
 28672 | D:13     | HP: 1/76 [fire giant/+2 great sword of flaming (4)]
 28675 | D:13     | Killed a fire giant
 29232 | D:13     | Noticed a tengu reaver
 29241 | D:13     | Killed a tengu reaver
 29241 | D:13     | HP: 3/74 [centaur warrior/arrow (3)]
 29243 | D:13     | Shot with an arrow by a centaur warrior

Illustrated notes

Levels and vault maps discovered:
D:1:      amcnicky_arrival_gap_in_the_tavern_cellar, layout_basic, serial_shops,
          nicolae_shop_competitors_out_of_business, shop, shop,
          nicolae_shop_gaudy_bauble, minmay_quantized
D:2:      layout_basic, basic_altar, chequers_arboretum
D:3:      layout_loops_ring
D:4:      kb_forest_paths, layout_basic, grunt_ministairs_15
D:5:      layout_cave_pods, mainiacjoe_overflow_large_starburst,
          uniq_blork_the_orc
D:6:      lemuel_slime, layout_gridville, zin_purify, grunt_decor_junction,
          lexackson_kobold_supper
D:7:      minmay_the_grid_four_pointed_star
          [minmay_the_grid_triangle_9x9_fully_insulated_deathbox,
          minmay_the_grid_triangle_9x9_sprig,
          minmay_the_grid_triangle_9x9_windchime,
          minmay_the_grid_triangle_9x9_from_above,
          minmay_the_grid_prize_inner_circle], layout_basic,
          nicolae_vehumet_radiance, mainiacjoe_overflow_chevrons,
          minmay_temple_entry_gardened_gates, serial_glass, glass_columns_a,
          glass_columns_a, glass_columns_a, glass_columns_a, glass_columns_a,
          glass_columns_a, glass_columns_b, glass_columns_a, glass_columns_b,
          glass_columns_b, glass_columns_a, glass_columns_a, glass_columns_b,
          glass_columns_a, sigmund_edmund_badplayer, uniq_menkaure, uniq_pikel
D:8:      layout_loops_ring, minmay_quadrilaterals
D:9:      layout_loops_ring, grunt_lair_entry_orc_guard_hut,
          minmay_misc_feat_secret_circle, uniq_maggie, uniq_gastronok,
          uniq_maurice
D:10:     layout_grid_maze, serial_shops, nicolae_shop_behind_doors,
          minmay_shop_damaged, serial_bayou_pond_c, uniq_harold, uniq_nergalle
D:11:     minmay_cut_squares, layout_basic, david_orc_4
D:12:     layout_grid_maze
D:13:     nzn_winding_woodlands_large [nzn_winding_woodlands_5x5_three,
          nzn_winding_woodlands_5x15_river_crossing,
          nzn_winding_woodlands_5x5_closed_star,
          nzn_winding_woodlands_center_garden,
          nzn_winding_woodlands_15x15_thick_spiral,
          nzn_winding_woodlands_center_triple_pond,
          nzn_winding_woodlands_hourglass, nzn_winding_woodlands_5x15_sawtooth,
          nzn_winding_woodlands_5x5_cross], layout_loops_ring, serial_shops,
          shop, muffindrake_ghost_dual_entry
Temple:   minmay_temple_bridge_d

Skill      XL: |  1  2  3  4  5  6  7  8  9 10 11 12 13 14 |
---------------+-------------------------------------------+-----
Spellcasting   | 3 4 5 6 7 10 12 | 12.0
Earth Magic    | 4 5 6 8 10 13 15 | 15.0
Conjurations   | 2 4 5 7 9 11 13 | 13.0
Dodging        | 3 5 |  5.0
Summonings     | 2 5 6 |  6.0
Armour         | 5 |  5.0
Evocations     | 4 5 |  5.0
Fighting       | 4 |  4.4
Stealth        | |  2.1
Transmutations | |  0.7

Action                     |  1- 3 |  4- 6 |  7- 9 | 10-12 | 13-15 || total
---------------------------+-------+-------+-------+-------+-------++-------
  Melee: Unarmed           |     6 |       |       |       |       ||     6
         Staff             |       |       |       |     5 |       ||     5
   Cast: Sandblast         |    42 |    67 |    46 |    59 |     7 ||   221
         Stone Arrow       |       |    22 |   110 |   216 |   118 ||   466
         Call Canine Famil |       |       |     1 |     3 |     2 ||     6
         Searing Ray       |       |       |       |     7 |       ||     7
         Animate Armour    |       |       |       |     2 |       ||     2
         Lee's Rapid Decon |       |       |       |    28 |    25 ||    53
         Leda's Liquefacti |       |       |       |     3 |     1 ||     4
         Iskenderun's Batt |       |       |       |       |     9 ||     9
         Passwall          |       |       |       |       |     5 ||     5
  Evoke: Wand              |       |       |       |     9 |     3 ||    12
    Use: Scroll            |       |     6 |     4 |     7 |     4 ||    21
         Potion            |       |       |       |     1 |     3 ||     4
 Armour: Robe              |     3 |     8 |    14 |       |       ||    25
         Ring mail         |       |       |     7 |    41 |       ||    48
         Leather armour    |       |       |       |    47 |    37 ||    84
  Dodge: Dodged            |     7 |    17 |    41 |   124 |    60 ||   249
  Block: Other             |     1 |     8 |     3 |    37 |       ||    49
         Reflection        |       |     1 |       |     6 |     4 ||    11
         Orb               |       |       |       |       |    19 ||    19
